% Time on Ice - LONG BEACH BARACUDAS
Lines # - Real PCT - Wanted PCT - Time Play
Normal Forward
1 - 35% - 36% - 16:22
2 - 30% - 32% - 14:04
3 - 23% - 22% - 10:41
4 - 13% - 10% - 5:56
Normal Defense
1 - 40% - 36% - 18:59
2 - 30% - 31% - 14:14
3 - 23% - 23% - 10:48
4 - 6% - 10% - 3:02
PP Forward
1 - 46% - 55% - 3:12
2 - 54% - 45% - 3:43
PP Defense
1 - 47% - 55% - 3:15
2 - 53% - 45% - 3:40
PK Forward
1 - 56% - 55% - 3:21
2 - 44% - 45% - 2:36
PK Defense
1 - 50% - 55% - 2:57
2 - 50% - 45% - 3:00
PK3 Forward
1 - 0% - 55%
2 - 0% - 45%
PK3 Defense
1 - 0% - 55%
2 - 0% - 45%
44 Forward
1 - 0% - 55%
2 - 0% - 45%
44 Defense
1 - 0% - 55%
2 - 0% - 45%
Last Minute Offensive  - 0:00
Last Minute Defensive  - 0:05
Total
Forward - 60:00
Defense - 60:00
% Time on Ice - SPOKANE KNIGHTS
Lines # - Real PCT - Wanted PCT - Time Play
Normal Forward
1 - 39% - 38% - 18:35
2 - 34% - 37% - 16:02
3 - 16% - 15% - 7:40
4 - 10% - 10% - 4:51
Normal Defense
1 - 38% - 37% - 17:49
2 - 34% - 35% - 15:53
3 - 19% - 18% - 8:57
4 - 10% - 10% - 4:29
PP Forward
1 - 54% - 60% - 3:11
2 - 46% - 40% - 2:46
PP Defense
1 - 54% - 60% - 3:11
2 - 46% - 40% - 2:46
PK Forward
1 - 48% - 50% - 3:18
2 - 52% - 50% - 3:37
PK Defense
1 - 53% - 60% - 3:40
2 - 47% - 40% - 3:15
PK3 Forward
1 - 0% - 60%
2 - 0% - 40%
PK3 Defense
1 - 0% - 60%
2 - 0% - 40%
44 Forward
1 - 0% - 50%
2 - 0% - 50%
44 Defense
1 - 0% - 60%
2 - 0% - 40%
Last Minute Offensive  - 0:00
Last Minute Defensive  - 0:00
Total
Forward - 60:00
Defense - 60:00
Play-by-Play 1st period 0:01 of 1st period - Sebastian Aho wins face-off versus Joshua Norris in neutral zone. 0:04 of 1st period - Alex Pietrangelo is hit by Matthew Tkachuk. 0:21 of 1st period - Cale Makar is hit by Alex Pietrangelo and loses puck. 0:27 of 1st period - Icing by Jaden Schwartz. 0:28 of 1st period - Joshua Norris wins face-off versus Adam Lowry in LONG BEACH BARACUDAS zone. 0:28 of 1st period - Joshua Norris is hit by Adam Lowry. 0:36 of 1st period - Minor Penalty to Trevor van Riemsdyk for Slashing. 0:37 of 1st period - Sebastian Aho wins face-off versus Derek Stepan in LONG BEACH BARACUDAS zone. 1:06 of 1st period - Shot by Sebastian Aho. 1:06 of 1st period - Shot Misses the Net. 1:20 of 1st period - Shot by Sebastian Aho. 1:20 of 1st period - Shot Misses the Net. 1:22 of 1st period - Shot by Cale Makar. 1:22 of 1st period - Stopped by Jake Oettinger without a rebound. 1:23 of 1st period - Adam Lowry wins face-off versus Victor Rask in LONG BEACH BARACUDAS zone. 2:20 of 1st period - Shot by Bryan Rust. 2:20 of 1st period - Stopped by Jake Oettinger without a rebound. 2:21 of 1st period - Derek Stepan wins face-off versus Sebastian Aho in LONG BEACH BARACUDAS zone. 2:54 of 1st period - Shot by Jaden Schwartz. 2:54 of 1st period - Stopped by Frederik Andersen with a rebound. 3:02 of 1st period - Jakub Voracek is hit by Andrew Agozzino and loses puck. 3:18 of 1st period - Jaden Schwartz is hit by Victor Hedman and loses puck. 3:40 of 1st period - Icing by Victor Hedman. 3:41 of 1st period - Derek Stepan wins face-off versus Sebastian Aho in SPOKANE KNIGHTS zone. 4:04 of 1st period - Shot by Taylor Hall. 4:04 of 1st period - Stopped by Frederik Andersen without a rebound. 4:05 of 1st period - Adam Lowry wins face-off versus Victor Rask in SPOKANE KNIGHTS zone. 4:28 of 1st period - Shot by P.K. Subban. 4:28 of 1st period - Stopped by Frederik Andersen without a rebound. 4:29 of 1st period - Derek Stepan wins face-off versus Frans Nielsen in SPOKANE KNIGHTS zone. 4:33 of 1st period - Icing by Radko Gudas. 4:34 of 1st period - Derek Stepan wins face-off versus Frans Nielsen in SPOKANE KNIGHTS zone. 4:38 of 1st period - Icing by Duncan Keith. 4:39 of 1st period - Derek Stepan wins face-off versus Frans Nielsen in SPOKANE KNIGHTS zone. 5:03 of 1st period - Shot by Duncan Keith. 5:03 of 1st period - Stopped by Jake Oettinger without a rebound. 5:04 of 1st period - Adam Lowry wins face-off versus Victor Rask in LONG BEACH BARACUDAS zone. 5:16 of 1st period - Icing by Trevor van Riemsdyk. 5:17 of 1st period - J.T. Compher wins face-off versus Sebastian Aho in LONG BEACH BARACUDAS zone. 5:17 of 1st period - J.T. Compher is hit by Matthew Tkachuk. 5:43 of 1st period - Shot by Matthew Tkachuk. 5:43 of 1st period - Deflect By Bryan Rust. 5:43 of 1st period - Stopped by Jake Oettinger without a rebound. 5:44 of 1st period - Derek Stepan wins face-off versus Adam Lowry in LONG BEACH BARACUDAS zone. 5:53 of 1st period - Shot by Robert Fabbri. 5:53 of 1st period - Shot Misses the Net. 5:55 of 1st period - Shot by Derek Stepan. 5:55 of 1st period - Shot Blocked by Duncan Keith. 5:57 of 1st period - Shot by Taylor Hall. 5:57 of 1st period - Stopped by Frederik Andersen with a rebound. 6:09 of 1st period - Shot by Taylor Hall. 6:09 of 1st period - Stopped by Frederik Andersen with a rebound. 6:49 of 1st period - Reyley Smith is hit by Jakub Voracek and loses puck. 6:58 of 1st period - Shot by Jakub Voracek. 6:58 of 1st period - Shot Misses the Net. 7:00 of 1st period - Shot by Alex Pietrangelo. 7:00 of 1st period - Shot Misses the Net. 7:02 of 1st period - Shot by Jakub Voracek. 7:02 of 1st period - Shot Misses the Net. 7:04 of 1st period - Shot by Jaden Schwartz. 7:04 of 1st period - The goal is going for a video replay. 7:04 of 1st period - The goal is refused. 7:05 of 1st period - Sebastian Aho wins face-off versus Tobias Rieder in SPOKANE KNIGHTS zone. 7:24 of 1st period - Trevor van Riemsdyk is hit by Matthew Tkachuk. 7:28 of 1st period - Shot by Alexandre Texier. 7:28 of 1st period - Stopped by Frederik Andersen without a rebound. 7:29 of 1st period - Andrew Agozzino wins face-off versus Victor Rask in SPOKANE KNIGHTS zone. 7:31 of 1st period - Icing by Tyler Pitlick. 7:32 of 1st period - Andrew Agozzino wins face-off versus Jakub Voracek in SPOKANE KNIGHTS zone. 7:39 of 1st period - Shot by Tyler Pitlick. 7:39 of 1st period - Stopped by Jake Oettinger without a rebound. 7:40 of 1st period - Sebastian Aho wins face-off versus Victor Rask in LONG BEACH BARACUDAS zone. 7:51 of 1st period - Shot by Bryan Rust. 7:51 of 1st period - Deflect By Matthew Tkachuk. 7:51 of 1st period - Shot Misses the Net. 8:00 of 1st period - Minor Penalty to P.K. Subban for Hooking. 8:01 of 1st period - Adam Lowry wins face-off versus Derek Stepan in LONG BEACH BARACUDAS zone. 8:01 of 1st period - Adam Lowry is hit by Jared Spurgeon. 8:09 of 1st period - Shot by Reyley Smith. 8:09 of 1st period - Shot Misses the Net. 8:45 of 1st period - Shot by Nick Foligno. 8:45 of 1st period - Shot Blocked by J.T. Compher. 8:47 of 1st period - Shot by Reyley Smith. 8:47 of 1st period - Stopped by Jake Oettinger with a rebound. 9:56 of 1st period - Icing by Sebastian Aho. 9:57 of 1st period - Sebastian Aho wins face-off versus Victor Rask in SPOKANE KNIGHTS zone. 10:10 of 1st period - Shot by Nick Foligno. 10:10 of 1st period - Stopped by Jake Oettinger with a rebound. 10:24 of 1st period - Shot by Tyler Pitlick. 10:24 of 1st period - Shot Misses the Net. 11:01 of 1st period - Shot by Reyley Smith. 11:01 of 1st period - Stopped by Jake Oettinger without a rebound. 11:02 of 1st period - Derek Stepan wins face-off versus Adam Lowry in LONG BEACH BARACUDAS zone. 11:20 of 1st period - Shot by Reyley Smith. 11:20 of 1st period - Stopped by Jake Oettinger with a rebound. 12:24 of 1st period - Sebastian Aho is hit by Michael Del Zotto and loses puck. 12:43 of 1st period - Shot by Matthew Tkachuk. 12:43 of 1st period - Stopped by Jake Oettinger without a rebound. 12:44 of 1st period - Frans Nielsen wins face-off versus Joshua Norris in LONG BEACH BARACUDAS zone. 12:44 of 1st period - Mario Ferraro is hit by Jake Gardiner and loses puck. 13:15 of 1st period - Shot by Jakub Voracek. 13:15 of 1st period - Stopped by Frederik Andersen without a rebound. 13:16 of 1st period - Sebastian Aho wins face-off versus Derek Stepan in SPOKANE KNIGHTS zone. 13:16 of 1st period - Sebastian Aho is hit by Taylor Hall. 14:11 of 1st period - Jared Spurgeon is hit by Matthew Tkachuk and loses puck. 15:08 of 1st period - Icing by Jared Spurgeon. 15:09 of 1st period - Andrew Agozzino wins face-off versus Joshua Norris in LONG BEACH BARACUDAS zone. 15:12 of 1st period - Shot by Tyler Pitlick. 15:12 of 1st period - Stopped by Jake Oettinger without a rebound. 15:13 of 1st period - Derek Stepan wins face-off versus Andrew Agozzino in LONG BEACH BARACUDAS zone. 15:20 of 1st period - Derek Stepan is hit by Nick Foligno and loses puck. 15:31 of 1st period - Shot by Andrew Agozzino. 15:31 of 1st period - Stopped by Jake Oettinger with a rebound. 16:15 of 1st period - Shot by Sebastian Aho. 16:15 of 1st period - Shot Misses the Net. 16:21 of 1st period - Shot by Sebastian Aho. 16:21 of 1st period - Shot Misses the Net. 17:09 of 1st period - Off-side. 17:10 of 1st period - Tobias Rieder wins face-off versus Adam Lowry in neutral zone. 17:15 of 1st period - Shot by Alexandre Texier. 17:15 of 1st period - Shot Blocked by Radko Gudas. 18:02 of 1st period - Shot by Joshua Norris. 18:02 of 1st period - Shot Blocked by Radko Gudas. 18:04 of 1st period - Shot by Trevor van Riemsdyk. 18:04 of 1st period - Shot Misses the Net. 18:33 of 1st period - Shot by Jakub Voracek. 18:33 of 1st period - Stopped by Frederik Andersen without a rebound. 18:34 of 1st period - Victor Rask wins face-off versus Frans Nielsen in SPOKANE KNIGHTS zone. 18:53 of 1st period - Shot by Tyler Pitlick. 18:53 of 1st period - Shot Misses the Net. 18:55 of 1st period - Shot by Tyler Pitlick. 18:55 of 1st period - Stopped by Jake Oettinger without a rebound. 18:56 of 1st period - Sebastian Aho wins face-off versus Tobias Rieder in LONG BEACH BARACUDAS zone. 19:09 of 1st period - Shot by Sebastian Aho. 19:09 of 1st period - Stopped by Jake Oettinger with a rebound. 19:13 of 1st period - Shot by Sebastian Aho. 19:13 of 1st period - Shot Misses the Net. 19:34 of 1st period - Icing by Alex Pietrangelo. 19:35 of 1st period - Tobias Rieder wins face-off versus Frans Nielsen in LONG BEACH BARACUDAS zone. 19:42 of 1st period - Alex Pietrangelo is hit by Jamie Oleksiak and loses puck. Goals for this period are 0 for LONG BEACH BARACUDAS vs 0 for SPOKANE KNIGHTS. Shots for this period are 9 for LONG BEACH BARACUDAS vs 14 for SPOKANE KNIGHTS. 2nd period 0:01 of 2nd period - Reyley Smith wins face-off versus Joshua Norris in neutral zone. 0:13 of 2nd period - Icing by Alex Pietrangelo. 0:14 of 2nd period - Joshua Norris wins face-off versus Sebastian Aho in LONG BEACH BARACUDAS zone. 0:14 of 2nd period -